 Dungeon Crawl Stone Soup version 0.31-a0-267-g3fc6992b3b (webtiles) character file.

Game seed: 17528945759870316376

65 qw the Shooter (level 4, -5/26 HPs)
             Began as a Gargoyle Hexslinger on July 14, 2023.
             Slain by Natasha (6 damage)
             ... on level 2 of the Dungeon.
             The game lasted 00:00:23 (1100 turns).

qw the Shooter (Gargoyle Hexslinger)                Turns: 1100, Time: 00:00:24

Health: -5/26      AC:  6    Str: 11    XL:     4   Next: 13%
Magic:  5/5        EV: 16    Int: 14    God:
Gold:   36         SH:  0    Dex: 14    Spells: 4/5 levels left

rFire   . . .        Y - +1 sling
rCold   . . .        (no shield)
rNeg    + . .        f - +0 leather armour
rPois   inf          (no helmet)
rElec   +            (no cloak)
rCorr   .            (no gloves)
SInv    .            (no boots)
Will    .....        d - amulet of the acrobat
Stlth   +            g - +5 ring of evasion
HPRegen 0.24/turn    (no ring)
MPRegen 0.09/turn

%: acrobat
@: slowed, very slow
A: sickness immunity, AC +3, negative energy resistance 1, electricity
resistance, torment resistance 1, petrification resistance
a: no special abilities


You were on level 2 of the Dungeon.
You visited 1 branch of the dungeon, and saw 2 of its levels.

You collected 36 gold pieces.


Innate Abilities, Weirdness & Mutations

You are immune to sickness and miasma.
Your stone body is resilient. (AC +3)
You are immune to poison.
You resist negative energy. (rN+)
You are resistant to electric shocks. (rElec)
You are resistant to unholy torment.
You are immune to petrification.


   Skills:
 - Level 2.0 Fighting
 + Level 4.0 Ranged Weapons
 - Level 1.5 Dodging
 - Level 1.0 Spellcasting
 - Level 2.6 Hexes


You had 4 spell levels left.
You knew the following spells:

 Your Spells              Type           Power      Damage    Failure   Level
a - Slow                  Hex            32%        N/A       12%         1

Your spell library contained the following spells:

 Spells                   Type           Power      Damage    Failure   Level
 Inner Flame              Hex/Fire       4%         N/A       52%         3
 Portal Projectile        Hex/Tloc       8%         N/A       52%         3
 Cause Fear               Hex            4%         N/A       75%         4

Inventory:

Hand Weapons
 Y - a +1 sling (weapon)
Armour
 f - a +0 leather armour (worn)
Jewellery
 d - an amulet of the acrobat (around neck)
 g - a +5 ring of evasion (left hand)
Scrolls
 a - a scroll of enchant armour {unknown}
 b - a scroll of noise {unknown}
Potions
 c - a potion of haste {unknown}

Dungeon Overview and Level Annotations

Branches:
Dungeon (2/15)

Altars:

Annotations:
D:2 Natasha


Message History

The cerulean imp is lightly wounded.
The cerulean imp closely misses you.
Natasha stares at you and mumbles some strange words.
The magic dart hits you!
You shoot a sling bullet.
The sling bullet hits Natasha but does no damage.
Natasha is heavily wounded.
The cerulean imp disappears in a puff of smoke!
Natasha completely misses you.
You shoot a sling bullet.
The sling bullet completely misses Natasha.
Natasha stares at you and mumbles some strange words.
You resist with some effort.
You shoot a sling bullet. The sling bullet hits Natasha.
Natasha is almost dead.
Natasha mumbles some strange words.
Natasha casts a spell at you.
You feel yourself slow down.
You shoot a sling bullet.
The sling bullet closely misses Natasha.
Natasha stares at you and mumbles some strange words.
The magic dart hits you.
The cerulean imp hits you but does no damage.
You shoot a sling bullet. The sling bullet hits Natasha.
Natasha is almost dead.
Natasha closely misses you. The cerulean imp closely misses you.
Natasha extends her claws.
Natasha closely misses you.
The cerulean imp hits you with a +2 spear.
You shoot a sling bullet.
The sling bullet hits Natasha but does no damage.
Natasha is almost dead.
Natasha mumbles some strange words.
Natasha glows brightly for a moment.
Natasha closely misses you.
The cerulean imp hits you but does no damage.
The cerulean imp closely misses you. Natasha claws you.
You shoot a sling bullet.
The sling bullet closely misses Natasha.
Natasha claws you.
You die...

#######.. #.........
..#.####.####....
......h@5.........#...
....####.#####........
. #.##..+........
#.##.##........
#.##..+........
#.....#........
#####.#........
##########'#........
#...........########


You could see Natasha and a cerulean imp (summoned).

Vanquished Creatures
  Natasha (D:2)
  An adder (D:2)
  2 ball pythons
  4 endoplasms (D:1)
  A giant cockroach (D:1)
  5 hobgoblins
  4 jackals (D:1)
  2 kobolds (D:2)
  A quokka (D:1)
  2 bats (D:1)
  2 frilled lizards
  2 rats (D:1)
27 creatures vanquished.

Notes
Turn   | Place    | Note
-------+----------+-------------------------------------------
     0 | D:1      | qw the Gargoyle Hexslinger began the quest for the Orb.
     0 | D:1      | Reached XP level 1. HP: 12/12 MP: 2/2
     0 | D:1      | 0 ||| qw: Version: 0.3-a-52-g30416fa
     0 | D:1      | 0 ||| qw: Game counter: 7850
     0 | D:1      | 0 ||| qw: Melee chars always use a shield: true
     0 | D:1      | 0 ||| qw: God list: Okawaru
     0 | D:1      | 0 ||| qw: Allow faded altars: false
     0 | D:1      | 0 ||| qw: Do Orc after clearing Dungeon:15 true
     0 | D:1      | 0 ||| qw: Do second Lair branch before Depths: true
     0 | D:1      | 0 ||| qw: Lair rune preference: random
     0 | D:1      | 0 ||| qw: Goals: Normal
     0 | D:1      | 0 ||| PLANNING D:1-11
   155 | D:1      | Reached XP level 2. HP: 16/16 MP: 3/3
   256 | D:1      | HP: 3/16 [quokka (3)]
   259 | D:1      | Reached skill level 3 in Ranged Weapons
   621 | D:1      | Found a faded altar of an unknown god.
   803 | D:1      | Reached XP level 3. HP: 19/21 MP: 4/4
   841 | D:1      | 841 ||| UPGRADING to +0 leather armour.
   851 | D:1      | 851 ||| DROPPING +0 robe.
   852 | D:1      | 852 ||| UPGRADING to amulet of the acrobat.
   857 | D:1      | 857 ||| UPGRADING to +5 ring of evasion.
   858 | D:1      | 858 ||| READING scroll labelled FOANUA WIOBE.
   859 | D:1      | 859 ||| DROPPING scroll of poison.
  1002 | D:2      | Noticed Natasha
  1010 | D:2      | HP: 5/21 [Natasha (6)]
  1015 | D:2      | Killed Natasha
  1016 | D:2      | Reached XP level 4. HP: 9/26 MP: 5/5
  1084 | D:2      | Noticed Natasha
  1090 | D:2      | Reached skill level 4 in Ranged Weapons
  1098 | D:2      | HP: 2/26 [cerulean imp/+2 spear[Natasha] (6)]
  1100 | D:2      | Slain by Natasha

Levels and vault maps discovered:
D:1:      ncdulo_watergridlock, layout_basic, chequers_ecumenical_altar_grove,
          grunt_decor_one_mirror, serial_bayou_pond_b
D:2:      layout_basic, kennysheep_generic_room_9, uniq_natasha

Skill      XL: |  1  2  3  4 |
---------------+-------------+-----
Ranged Weapons | 3 4 |  4.0
Fighting       | 2 |  2.0
Dodging        | |  1.5
Spellcasting   | |  1.0
Hexes          | |  2.6

Action                     |  1- 3 |  4- 6 || total
---------------------------+-------+-------++-------
   Fire: Sling             |    96 |    16 ||   112
    Use: Scroll            |     1 |       ||     1
 Armour: Robe              |    23 |       ||    23
         Leather armour    |     4 |     3 ||     7
  Dodge: Dodged            |    61 |    13 ||    74

Table legend:
 A = Non-vault XP
 B = Vault XP
 C = Vault XP percentage of total XP
 D = Non-vault monster count
 E = Vault monster count
 F = Vault count percentage of total count
                 A         B        C        D         E       F
            +---------+---------+-------+---------+---------+-------
      Total |      54 |      39 |  41.9 |      23 |       4 |  14.8
            +---------+---------+-------+---------+---------+-------
        D:1 |      32 |       4 |  11.1 |      17 |       3 |  15.0
        D:2 |      22 |      35 |  61.4 |       6 |       1 |  14.3
            +---------+---------+-------+---------+---------+-------
